 Dungeon Crawl Stone Soup version 0.30-a0-760-g5a9884bb7c (webtiles) character file.

Game seed: 7449879677772265031

3284 jlumianski the Cleaver (level 9, -9/71 HPs)
             Began as a Demonspawn Fighter on Feb 10, 2023.
             Hit by a large rock thrown by a cyclops (17 damage)
             ... on level 7 of the Dungeon.
             The game lasted 00:33:03 (6942 turns).

jlumianski the Cleaver (Demonspawn Fighter)         Turns: 6942, Time: 00:33:03

Health: -9/71      AC: 16    Str: 21    XL:     9   Next: 69%
Magic:  9/9        EV:  6    Int: 12    God:
Gold:   225        SH:  0    Dex: 18    Spells: 8/8 levels left

rFire   + . .      SeeInvis .    H - +0 executioner's axe
rCold   + . .      Faith    .    (shield currently unavailable)
rNeg    . . .      Spirit   .    A - +0 plate armour
rPois   .          Reflect  .    (helmet restricted)
rElec   .          Harm     .    k - scarf {rC+ rF+}
rCorr   .          Rampage  .    (no gloves)
Will    .....                    (no boots) Stlth
                                 (no amulet)
HPRegen 0.31/turn                v - +4 ring of protection
MPRegen 0.11/turn                w - +6 ring of dexterity

@: no status effects
A: antennae 2, demonic guardian 1, big brain 1, demonic magic 1
a: no special abilities


You were on level 7 of the Dungeon.
You visited 1 branch of the dungeon, and saw 7 of its levels.
You also visited: Ossuary.

You collected 300 gold pieces.
You spent 75 gold pieces at shops.

Inventory:

Hand Weapons
 a - a +0 war axe
 y - a +3 hand axe
 H - a +0 executioner's axe (weapon)
 Q - the +6 spear "Faob" {vamp, rElec rCorr}
   (You found it on level 6 of the Dungeon)

   rElec:     It insulates you from electricity.
   rCorr:     It protects you from acid and corrosion.
Missiles
 e - 54 stones
 j - 12 boomerangs (quivered)
 t - 5 poisoned darts
Armour
 b - a +0 scale mail
 c - a +0 buckler
 k - a scarf of resistance (worn)
 q - a +0 chain mail
 s - a +0 pair of boots
 x - a +0 pair of gloves
 A - a +0 plate armour (worn)
 O - a +0 cloak
Magical Staves
 K - a staff of earth
 M - a staff of death
 R - a staff of conjuration
Jewellery
 v - a +4 ring of protection (left hand)
 w - a +6 ring of dexterity (right hand)
 z - a ring of positive energy
 I - a ring of willpower
Wands
 u - a wand of mindburst (21)
 J - a wand of digging (1)
 U - a wand of iceblast (10)
 V - a wand of flame (14)
Scrolls
 f - a scroll of butterflies {unknown}
 g - 2 scrolls of fear
 l - a scroll of enchant weapon {unknown}
 m - 2 scrolls of amnesia
 n - 6 scrolls of teleportation
 p - 2 scrolls of immolation {unknown}
 D - 2 scrolls of blinking
 E - 2 scrolls of enchant armour {unknown}
 L - 3 scrolls of vulnerability
 N - 2 scrolls of noise {unknown}
 W - a scroll of torment {unknown}
Potions
 d - a potion of might
 h - 2 potions of flight
 i - 4 potions of curing
 o - 2 potions of haste
 r - a potion of invisibility
 B - a potion of brilliance
 C - 2 potions of lignification
 F - 3 potions of degeneration {unknown}
 G - 2 potions of attraction
 P - a potion of mutation {unknown}
 S - a potion of heal wounds {unknown}
 T - a potion of magic {unknown}


   Skills:
 * Level 6.5 Fighting
 + Level 9.5 Axes
 + Level 1.9 Throwing
 + Level 6.0 Armour
 + Level 0.7 Dodging
 + Level 1.1 Stealth
 + Level 3.6 Shields


You had 8 spell levels left.
You didn't know any spells.
Your spell library contained the following spells:

 Spells                   Type           Power      Damage    Failure   Level
 Beastly Appendage        Tmut           0%         N/A       100%        1
 Kiss of Death            Conj/Necr      0%         2d5       100%        1
 Magic Dart               Conj           0%         1d3       100%        1
 Sting                    Tmut/Pois      0%         1d3       100%        1
 Summon Small Mammal      Summ           0%         N/A       100%        1
 Blink                    Tloc           0%         N/A       100%        2
 Ensorcelled Hibernation  Hex/Ice        0%         N/A       100%        2
 Lesser Beckoning         Tloc           0%         N/A       100%        2
 Momentum Strike          Conj/Tloc      0%         3d8       100%        2
 Passwall                 Tmut/Erth      0%         N/A       100%        2
 Poisonous Vapours        Pois/Air       0%         N/A       100%        2
 Scorch                   Fire           0%         2d5       100%        2
 Searing Ray              Conj           0%         2d4       100%        2
 Wereblood                Tmut           0%         N/A       100%        2
 Call Canine Familiar     Summ           0%         N/A       100%        3
 Confusing Touch          Hex            0%         N/A       100%        3
 Spider Form              Tmut/Pois      0%         N/A       100%        3
 Summon Guardian Golem    Hex/Summ       0%         N/A       100%        3
 Swiftness                Air            0%         N/A       100%        3
 Anguish                  Hex/Necr       0%         N/A       100%        4
 Dispel Undead            Necr           0%         3d6       100%        4
 Flame Wave               Conj/Fire      0%         2d4       100%        4
 Fulminant Prism          Conj/Hex       0%         3d5       100%        4
 Olgreb's Toxic Radiance  Pois           0%         N/A       100%        4
 Summon Cactus Giant      Summ           0%         N/A       100%        6


Dungeon Overview and Level Annotations

Branches:
Dungeon (7/15)            Ossuary (visited)
 Temple: D:4-7

Altars:

Shops:
D:1 *


Innate Abilities, Weirdness & Mutations

You have a pair of antennae on your head.
A weak demonic guardian rushes to your aid.
You have an unusually large brain. (Int +2)
Spells you cast may paralyse adjacent enemies.


Message History

The gnoll hits you with a +0 flail! The gnoll barely misses you.
You slice the gnoll!!
You kill the gnoll!
You hit the gnoll.
The gnoll is lightly wounded.
The gnoll barely misses you.
You slash the gnoll!
You kill the gnoll!
Your Armour skill increases to level 6!
A gnoll comes into view. It is wielding a +0 flail.
The gnoll shouts!
You hear a shout!
Items here: ))) †.
The gnoll hits you but does no damage.
You hit the gnoll.
The gnoll is moderately wounded.
The gnoll hits you with a +0 flail.
A cyclops comes into view.
You hit the gnoll.
The gnoll is severely wounded.
The gnoll hits you with a +0 flail! The gnoll hits you but does no damage.
You closely miss the gnoll.
The gnoll is severely wounded.
You hit the cyclops.
The cyclops is lightly wounded.
You slash the cyclops!
The cyclops is moderately wounded.
The cyclops hits you.
You slash the cyclops!
The cyclops is heavily wounded.
The cyclops hits you!!
* * * LOW HITPOINT WARNING * * *
A demonic guardian appears!
Aiming: Mindburst
Press: ? - help, Shift-Dir - straight line, f - cyclops
Aim: a cyclops, quivering large rocks (heavily wounded, ally target, chance to affect: 47%)
The cyclops resists with some effort.
The cyclops hits you!
* * * LOW HITPOINT WARNING * * *
You swap places.
The cyclops throws a large rock.
The large rock misses your shadow imp. The large rock hits you!
You die...

### ##.## ##...##
..... .g. #C#
##5#######
#.@))....#
#..#####.##########
#..# #...........
#..# ############
#..# # #..# # #..#
# #..# # #


You could see a cyclops (ally target), a gnoll and a friendly shadow imp
(summoned).

Vanquished Creatures
  3 yaks (D:7)
  Eustachio (D:4)
  Menkaure (D:6)
  2 water moccasins (D:6)
  3 ice beasts
  A sky beast (D:6)
  A black bear (D:6)
  An ogre (D:6)
  A phantom (D:6)
  2 bullfrogs
  2 elf zombies (Ossuary)
  A necrophage (D:6)
  5 scorpions
  2 hounds
  2 jellies (D:6)
  A gnoll bouda (D:7)
  2 orc priests
  Crazy Yiuf (D:6)
  2 human zombies (Ossuary)
  An iguana (D:5)
  10 orc wizards
  A hound zombie (Ossuary)
  4 mummies (Ossuary)
  17 gnolls
  8 adders
  A shadow imp (D:3)
  An adder zombie (Ossuary)
  A worm (D:2)
  23 orcs
  4 ball pythons
  7 bats
  5 endoplasms
  3 giant cockroaches
  A gnoll zombie (Ossuary)
  7 goblins
  4 hobgoblins
  5 jackals
  4 quokkas
  A frilled lizard (D:1)
  A goblin zombie (Ossuary)
  8 kobolds
  An orc zombie (Ossuary)
  9 rats
  3 rat zombies (Ossuary)
164 creatures vanquished.

Vanquished Creatures (collateral kills)
  A yak (D:7)
  An orc priest (D:5)
  A gnoll (D:6)
  An adder (D:3)
4 creatures vanquished.

Grand Total: 168 creatures vanquished

Notes
Turn   | Place    | Note
-------+----------+-------------------------------------------
     0 | D:1      | jlumianski the Demonspawn Fighter began the quest for the
                  | Orb.
     0 | D:1      | Reached XP level 1. HP: 18/18 MP: 1/1
    91 | D:1      | Found Jatankoc's General Store.
   100 | D:1      | Gained mutation: A weak demonic guardian rushes to your
                  | aid. [demonic ancestry]
   100 | D:1      | Reached XP level 2. HP: 24/24 MP: 2/2
   276 | D:1      | Reached skill level 2 in Axes
   799 | D:2      | Gained mutation: You have a pair of small antennae on your
                  | head. [demonic ancestry]
   799 | D:2      | Reached XP level 3. HP: 29/29 MP: 3/3
  1420 | D:2      | Found a faded altar of an unknown god.
  1547 | D:3      | Gained mutation: You have an unusually large brain. (Int
                  | +2) [demonic ancestry]
  1547 | D:3      | Reached XP level 4. HP: 24/35 MP: 4/4
  1833 | D:3      | Reached skill level 3 in Axes
  2091 | D:3      | Reached XP level 5. HP: 37/41 MP: 5/5
  3002 | D:4      | Reached skill level 4 in Axes
  3037 | D:4      | Gained mutation: You have a pair of antennae on your head.
                  | [demonic ancestry]
  3037 | D:4      | Reached XP level 6. HP: 44/47 MP: 6/6
  3406 | D:5      | Entered Level 5 of the Dungeon
  3450 | D:5      | Found a sand-covered staircase.
  3473 | Ossuary  | Entered an ossuary
  3494 | Ossuary  | Reached XP level 7. HP: 41/53 MP: 7/7
  3508 | Ossuary  | Reached skill level 5 in Axes
  4163 | D:4      | Noticed Eustachio
  4174 | D:4      | Killed Eustachio
  4238 | D:4      | Reached skill level 6 in Axes
  4550 | D:5      | Reached skill level 5 in Armour
  4716 | D:5      | Reached XP level 8. HP: 37/61 MP: 8/8
  5317 | D:6      | Reached skill level 7 in Axes
  5322 | D:6      | Reached skill level 1 in Throwing
  5380 | D:6      | Identified the +6 spear "Faob" {vamp, rElec rCorr}
  5424 | D:6      | Reached skill level 5 in Fighting
  5461 | D:6      | Noticed Menkaure
  5467 | D:6      | Killed Menkaure
  5468 | D:6      | Reached skill level 8 in Axes
  5550 | D:6      | Gained mutation: Spells you cast may paralyse adjacent
                  | enemies. [demonic ancestry]
  5550 | D:6      | Reached XP level 9. HP: 31/68 MP: 9/9
  6069 | D:6      | Reached skill level 1 in Stealth
  6169 | D:6      | Found a runed translucent door.
  6170 | D:6      | Noticed Crazy Yiuf
  6178 | D:6      | Killed Crazy Yiuf
  6407 | D:7      | Reached skill level 9 in Axes
  6752 | D:1      | Bought a scroll of blinking for 75 gold pieces
  6935 | D:7      | Noticed a cyclops
  6942 | D:7      | Hit by a large rock thrown by a cyclops

Illustrated notes

Levels and vault maps discovered:
D:1:      erik_arrival_blinker_ship, layout_loops_cross, serial_shops,
          nicolae_diamond_shop, palyth_stone_intersect
D:2:      layout_loops_cross, shapermc_ecumenical_altar_mp_vishouse,
          solitary_fountain
D:3:      layout_loops_ring
D:4:      layout_loops_cross, uniq_eustachio
D:5:      layout_loops_ring, nicolae_ossuary_entry_ruins
D:6:      layout_cave_pools, columned_hall_lemuel, uniq_menkaure,
          uniq_crazy_yiuf_cottage
D:7:      layout_loops_ring, minmay_temple_entry_junction,
          nicolae_figureground_pulse

Skill      XL: |  1  2  3  4  5  6  7  8  9 |
---------------+----------------------------+-----
Axes           | 2 3 4 6 8 9 |  9.5
Armour         | 3 4 5 6 |  6.0
Shields        | 3 |  3.6
Fighting       | 4 5 6 |  6.5
Throwing       | 1 |  1.9
Stealth        | 1 |  1.1
Dodging        | |  0.7

Action                     |  1- 3 |  4- 6 |  7- 9 || total
---------------------------+-------+-------+-------++-------
  Melee: War axe           |    98 |   199 |    31 ||   328
         Executioner's axe |       |       |   215 ||   215
         Spear             |       |       |     2 ||     2
  Throw: Boomerang         |       |    20 |    31 ||    51
  Evoke: Wand              |       |       |     1 ||     1
    Use: Scroll            |     2 |     2 |     8 ||    12
         Potion            |       |       |     1 ||     1
   Stab: Distracted        |       |       |     2 ||     2
 Armour: Scale mail        |    38 |       |       ||    38
         Chain mail        |     7 |   125 |       ||   132
         Plate armour      |       |    70 |   226 ||   296
  Dodge: Dodged            |    45 |    73 |    73 ||   191
  Block: Buckler           |    26 |    47 |     1 ||    74

Table legend: (Time is in decaauts)
 A = Elapsed time spent in this place.
 B = Non-inter-level travel time spent in this place.
 C = Inter-level travel time spent in this place.
 D = Time resting spent in this place.
 E = Time spent auto-exploring this place.
 F = Levels seen in this place.
 G = Mean time per level.
                   A        B        C        D        E       F      G
               +--------+--------+--------+--------+--------+-----+--------+
         Total |   7204 |   6874 |    330 |    389 |   3933 |   8 |  900.5 |
       Dungeon |   6861 |   6531 |    330 |    338 |   3881 |   7 |  980.1 |
       Ossuary |    342 |    342 |      0 |     51 |     52 |   1 |  342.0 |
               +--------+--------+--------+--------+--------+-----+--------+

Top non-repeatable levels by time:
     D:3: 1473 daAuts
     D:4: 1140 daAuts
     D:6: 1087 daAuts
     D:5: 1074 daAuts
     D:2: 840 daAuts
     D:1: 751 daAuts
     D:7: 494 daAuts
 Ossuary: 342 daAuts
